Map: Jagannatha LE

Players

Hawk - Winner!

  • Race: Protoss Protoss
  • League: Grandmaster
  • Spawn Location: 7:00

Railgan

  • Race: Zerg Zerg
  • League: Grandmaster
  • Spawn Location: 1:00

VOD

Have the link to the VOD?

Description

Time

  • Played on: Oct. 25, 2020, 10:23 a.m.
  • Length: 21:55
Show
View Real Time Build Order
Export as new Build Order

Hawk Protoss - Winner!

Build Orders: Double Forge, Nexus First, Carriers 

Get SALT Encoding   

  12  0:00  Probe  
  13  0:13  Probe  
  14  0:18  Pylon  
  14  0:25  Probe  
  15  0:37  Probe  
  16  0:49  Probe  
  17  1:03  Nexus  
  17  1:13  Forge  
  17  1:25  Pylon  
  17  1:29  Probe  
  18  1:34  Gateway  
  18  1:41  Forge  
  18  1:50  Photon Cannon  
  18  2:00  Forge  
  18  2:02  Probe  
  18  2:06  Forge  
  18  2:19  Probe (Chrono Boost)  
  18  2:20  Probe (Chrono Boost)  
  21  2:30  Probe (Chrono Boost)  
  21  2:31  Probe (Chrono Boost)  
  21  2:35  Probe (Chrono Boost)  
  21  2:36  Cybernetics Core, Probe (Chrono Boost)  
  21  2:37  Zealot  
  25  2:45  Assimilator, Probe  
  25  2:46  Probe  
  27  2:52  Assimilator  
  27  2:54  Assimilator  
  27  2:57  Assimilator  
  27  2:59  Probe (Chrono Boost)  
  27  3:01  Probe (Chrono Boost)  
  29  3:10  Probe (Chrono Boost)  
  29  3:11  Probe (Chrono Boost)  
  31  3:15  Probe (Chrono Boost)  
  31  3:16  Probe (Chrono Boost)  
  33  3:25  Probe (Chrono Boost)  
  35  3:27  Probe (Chrono Boost)  
  35  3:32  Pylon  
  35  3:33  Probe (Chrono Boost)  
  36  3:34  Probe (Chrono Boost)  
  36  3:37  Stargate  
  36  3:39  Probe  
  38  3:48  Pylon  
  38  3:50  Probe  
  38  3:52  Pylon  
  38  3:53  Probe  
  40  3:57  Sentry  
  42  4:03  Probe  
  42  4:07  Probe  
  44  4:13  Void Ray (Chrono Boost)  
  44  4:15  Probe, Protoss Air Weapons Level 1  
  45  4:19  Probe  
  50  4:27  Probe  
  51  4:31  Fleet Beacon  
  51  4:35  Probe  
  52  4:39  Stargate  
  52  4:48  Shield Battery  
  52  4:50  Probe  
  56  4:56  Probe  
  53  5:02  Probe  
  53  5:04  Pylon  
  54  5:08  Probe  
  54  5:13  Nexus  
  54  5:24  Carrier (Chrono Boost)  
  54  5:26  Carrier (Chrono Boost)  
  60  5:34  Probe  
  67  5:36  Probe  
  68  5:44  Pylon  
  68  5:46  Pylon, Probe  
  68  5:48  Probe  
  70  5:58  Probe  
  70  6:01  Probe  
  70  6:04  Nexus  
  70  6:07  Pylon  
  70  6:09  Pylon  
  70  6:22  Carrier (Chrono Boost)  
  70  6:24  Carrier (Chrono Boost)  
  75  6:28  Probe  
  82  6:32  Nexus  
  82  6:34  Photon Cannon  
  82  6:37  Pylon  
  82  6:39  Pylon  
  82  6:41  Shield Battery  
  82  6:42  Probe  
  83  6:52  Probe  
  84  6:54  Assimilator, Probe  
  84  6:57  Assimilator  
  85  7:04  Probe, Protoss Air Weapons Level 2  
  85  7:05  Stargate  
  85  7:06  Probe  
  86  7:14  Void Ray  
  86  7:15  Void Ray  
  86  7:16  Probe  
  86  7:18  Probe  
  96  7:28  Probe  
  97  7:30  Probe  
  98  7:37  Photon Cannon  
  98  7:38  Nexus  
  98  8:03  Probe x2  
  100  8:09  Void Ray  
  100  8:10  Pylon  
  100  8:12  Pylon x2  
  100  8:13  Shield Battery  
  100  8:14  Pylon  
  100  8:15  Probe x2  
  100  8:16  Pylon, Void Ray  
  98  8:27  Void Ray  
  102  8:37  Probe x2  
  104  8:47  Void Ray  
  104  8:49  Probe  
  104  8:50  Probe  
  104  8:53  Void Ray  
  110  8:55  Nexus  
  100  9:16  Void Ray  
  96  9:24  Void Ray  
  96  9:27  Probe x3  
  98  9:35  Void Ray  
  97  9:39  Probe x3  
  104  9:49  Stargate  
  104  9:50  Stargate  
  104  9:51  Probe x2  
  104  9:52  Probe  
  107  9:54  Void Ray  
  107  9:59  Pylon  
  111  10:01  Pylon  
  111  10:03  Probe x2  
  111  10:04  Probe  
  111  10:05  Assimilator  
  114  10:07  Void Ray  
  114  10:10  Assimilator  
  114  10:12  Void Ray  
  118  10:15  Probe  
  118  10:16  Probe x2  
  125  10:21  Fleet Beacon  
  125  10:22  Probe  
  125  10:24  Photon Cannon  
  125  10:27  Photon Cannon, Probe  
  127  10:29  Photon Cannon  
  127  10:33  Void Ray  
  127  10:37  Shield Battery  
  127  10:39  Void Ray  
  131  10:44  Void Ray  
  131  10:47  Probe  
  131  10:48  Probe  
  137  10:51  Probe  
  137  10:54  Void Ray x2  
  142  11:03  Shield Battery  
  150  11:15  Probe x3  
  150  11:16  Probe  
  141  11:22  Flux Vanes  
  141  11:24  Photon Cannon  
  141  11:27  Probe x3  
  141  11:28  Photon Cannon, Probe  
  141  11:31  Photon Cannon, Void Ray  
  145  11:33  Shield Battery  
  145  11:39  Probe x3  
  152  11:40  Probe  
  153  11:51  Probe x3  
  156  11:54  Protoss Air Weapons Level 3, Nexus  
  156  11:57  Void Ray x3  
  156  12:07  Pylon  
  168  12:11  Pylon  
  168  12:18  Probe  
  168  12:19  Probe x2  
  168  12:21  Carrier  
  177  12:50  Carrier x2 (Chrono Boost)  
  157  13:09  Void Ray (Chrono Boost)  
  157  13:10  Void Ray (Chrono Boost)  
  141  13:17  Probe, Void Ray (Chrono Boost)  
  141  13:18  Probe  
  135  13:20  Photon Cannon  
  135  13:21  Photon Cannon  
  135  13:22  Probe  
  135  13:23  Photon Cannon  
  135  13:24  Photon Cannon  
  135  13:25  Photon Cannon  
  135  13:27  Photon Cannon  
  132  13:28  Shield Battery  
  132  13:31  Probe (Chrono Boost)  
  135  13:36  Probe (Chrono Boost)  
  135  13:38  Mothership (Chrono Boost)  
  135  13:40  Void Ray x2 (Chrono Boost)  
  142  13:41  Void Ray (Chrono Boost)  
  142  13:42  Void Ray (Chrono Boost)  
  158  13:51  Assimilator  
  158  13:53  Probe x2 (Chrono Boost)  
  158  13:54  Probe (Chrono Boost)  
  158  13:55  Assimilator, Probe (Chrono Boost)  
  162  13:58  Photon Cannon, Void Ray (Chrono Boost)  
  162  14:02  Probe  
  163  14:03  Photon Cannon  
  163  14:07  Stargate  
  163  14:09  Stargate  
  167  14:11  Pylon  
  167  14:12  Void Ray x2 (Chrono Boost)  
  151  14:26  Probe x2  
  151  14:27  Probe x2  
  151  14:31  Carrier (Chrono Boost)  
  161  14:38  Probe x2  
  161  14:39  Probe x2  
  161  14:45  Void Ray  
  165  14:48  Carrier  
  165  14:50  Nexus  
  175  14:53  Pylon  
  175  14:54  Pylon  
  175  14:56  Pylon  
  175  14:57  Void Ray x2  
  183  15:14  Photon Cannon, Probe x2 (Chrono Boost)  
  186  15:15  Photon Cannon, Probe (Chrono Boost)  
  186  15:17  Void Ray  
  186  15:18  Photon Cannon, Void Ray  
  186  15:21  Photon Cannon  
  186  15:22  Void Ray  
  186  15:23  Photon Cannon  
  186  15:25  Photon Cannon  
  186  15:27  Photon Cannon  
  186  15:28  Probe  
  195  15:29  Robotics Facility  
  195  15:30  Shield Battery  
  195  15:32  Shield Battery  
  199  15:37  Assimilator  
  199  15:41  Assimilator  
  199  15:44  Pylon  
  198  16:19  Observer (Chrono Boost)  
  171  16:55  Carrier x4  
  171  17:00  Protoss Shields Level 1  
  195  17:09  Void Ray  
  195  17:14  Protoss Air Armor Level 1  
  199  17:31  Nexus  
  199  17:33  Pylon  
  199  17:34  Pylon  
  199  17:36  Pylon  
  199  17:37  Pylon  
  178  18:00  Void Ray x2 (Chrono Boost)  
  178  18:01  Void Ray (Chrono Boost)  
  168  18:07  Void Ray (Chrono Boost)  
  168  18:08  Void Ray x3 (Chrono Boost)  
  188  18:19  Mothership (Chrono Boost)  
  166  18:30  Photon Cannon  
  166  18:31  Photon Cannon  
  166  18:32  Void Ray x3 (Chrono Boost)  
  160  18:34  Photon Cannon  
  160  18:37  Photon Cannon, Probe x3 (Chrono Boost), Void Ray x2  
  160  18:38  Void Ray x2  
  160  18:40  Photon Cannon  
  175  18:43  Photon Cannon  
  175  18:45  Photon Cannon  
  175  18:48  Photon Cannon  
  189  18:51  Assimilator  
  189  18:53  Assimilator  
  189  19:00  Photon Cannon  
  189  19:03  Photon Cannon  
  189  19:07  Photon Cannon  
  189  19:10  Void Ray  
  189  19:11  Void Ray  
  189  19:14  Photon Cannon  
  193  19:24  Nexus  
  193  19:31  Photon Cannon  
  193  19:33  Photon Cannon  
  193  19:36  Photon Cannon  
  193  19:38  Twilight Council  
  193  19:39  Photon Cannon  
  193  19:43  Photon Cannon  
  193  19:47  Photon Cannon  
  193  19:55  Photon Cannon  
  193  19:56  Nexus  
  193  19:58  Photon Cannon  
  193  19:59  Pylon  
  193  20:02  Pylon  
  193  20:05  Pylon  
  193  20:06  Photon Cannon  
  192  20:08  Photon Cannon  
  192  20:09  Pylon  
  192  20:10  Photon Cannon  
  192  20:11  Void Ray x2  
  192  20:12  Photon Cannon  
  192  20:14  Photon Cannon  
  200  20:35  Void Ray  
  196  20:37  Probe x2  
  196  20:42  Probe x2  
  199  20:44  Photon Cannon  
  199  20:46  Photon Cannon  
  199  20:48  Photon Cannon  
  199  20:50  Photon Cannon  
  199  20:53  Photon Cannon  
  199  20:54  Photon Cannon  
  199  20:56  Photon Cannon  
  199  20:58  Photon Cannon  
  199  21:00  Photon Cannon  
  199  21:04  Photon Cannon  
  199  21:07  Photon Cannon  
  199  21:10  Photon Cannon, Shield Battery  
  199  21:12  Shield Battery  
  199  21:17  Shield Battery  
  199  21:20  Shield Battery  
  199  21:22  Assimilator  
Show
View Real Time Build Order
Export as new Build Order

Railgan Zerg 

Build Orders: Pool First 

Get SALT Encoding   

  12  0:18  Spawning Pool  
  11  0:22  Drone  
  11  0:26  Drone  
  13  0:31  Drone  
  14  0:41  Overlord  
  14  1:05  Zergling x6  
  17  1:16  Drone  
  18  1:31  Drone, Queen  
  21  1:37  Drone  
  22  1:40  Hatchery  
  21  1:53  Overlord  
  21  1:59  Drone  
  22  2:10  Queen  
  24  2:29  Drone x2  
  26  2:32  Drone, Hatchery  
  26  2:34  Extractor  
  25  2:40  Drone x2  
  27  2:46  Drone  
  28  2:54  Drone  
  28  2:55  Drone x2  
  31  3:03  Drone  
  31  3:04  Drone  
  32  3:15  Drone  
  33  3:20  Overlord  
  33  3:21  Zergling x4  
  35  3:33  Metabolic Boost  
  35  3:35  Overlord  
  35  3:38  Queen  
  35  3:39  Drone  
  35  3:40  Drone x2  
  40  3:42  Drone  
  40  3:45  Drone  
  42  3:49  Queen  
  42  3:52  Drone  
  42  3:55  Drone  
  46  3:57  Drone  
  46  3:58  Drone  
  46  4:00  Drone  
  49  4:03  Drone  
  49  4:05  Drone  
  49  4:08  Overlord  
  51  4:11  Drone x2  
  53  4:17  Drone x3  
  53  4:19  Drone  
  57  4:27  Overlord x2  
  57  4:30  Drone  
  57  4:31  Drone x2  
  60  4:34  Drone  
  61  4:41  Lair  
  61  4:44  Evolution Chamber  
  60  4:48  Roach Warren, Drone x3  
  60  4:49  Drone x2  
  64  4:53  Overlord  
  64  5:01  Drone  
  64  5:03  Hatchery, Queen  
  64  5:05  Drone  
  67  5:10  Zergling x2  
  67  5:11  Zergling x8  
  71  5:17  Zergling x10  
  76  5:21  Drone  
  76  5:22  Extractor, Zerg Melee Weapons Level 1  
  76  5:23  Extractor  
  75  5:30  Drone  
  75  5:31  Drone x5  
  75  5:33  Overlord  
  80  5:45  Extractor  
  80  5:46  Overlord  
  80  5:47  Drone  
  80  5:48  Drone x2  
  82  5:50  Extractor  
  78  6:04  Drone  
  78  6:05  Drone x4, Overlord  
  78  6:07  Zergling x4  
  78  6:09  Zergling x2  
  78  6:10  Zergling x2  
  78  6:11  Hydralisk Den, Drone x3  
  87  6:14  Extractor  
  86  6:20  Queen x2, Zergling x8  
  86  6:21  Queen  
  95  6:29  Zergling x2, Spire  
  95  6:30  Overlord, Queen  
  95  6:32  Drone  
  95  6:33  Drone x2  
  96  6:40  Zergling x4  
  96  6:41  Zergling x16  
  96  6:44  Hydralisk  
  96  6:45  Hydralisk x2  
  110  6:49  Overlord  
  110  6:53  Overlord  
  110  6:54  Drone  
  88  7:44  Corruptor x8  
  88  7:45  Corruptor x2  
  96  7:57  Corruptor  
  96  7:58  Corruptor  
  94  7:59  Corruptor  
  94  8:00  Queen x2  
  94  8:01  Queen  
  94  8:03  Zergling x2  
  94  8:04  Zergling x10  
  106  8:05  Spore Crawler  
  106  8:06  Overlord  
  106  8:09  Spore Crawler  
  102  8:13  Zergling x2  
  102  8:14  Hatchery  
  102  8:17  Corruptor, Zergling x2  
  103  8:24  Corruptor  
  105  8:27  Corruptor  
  105  8:28  Corruptor  
  105  8:35  Corruptor  
  105  8:36  Queen x2  
  105  8:37  Drone x2  
  105  8:40  Drone x3  
  116  8:45  Zerg Flyer Armor Level 1  
  116  8:47  Drone  
  116  8:48  Drone  
  118  8:51  Zergling x2  
  118  9:00  Zergling x6  
  109  9:18  Corruptor x5  
  109  9:21  Zergling x2  
  109  9:22  Zergling x10  
  113  9:32  Drone x3  
  108  9:40  Drone x2, Queen x3  
  108  9:41  Queen  
  117  9:47  Hatchery  
  117  9:51  Corruptor x4  
  124  9:53  Zergling x6  
  124  9:58  Zerg Melee Weapons Level 2  
  127  10:00  Zergling x2  
  127  10:03  Zergling x4  
  127  10:06  Drone  
  131  10:12  Drone x3  
  131  10:13  Drone  
  135  10:16  Extractor x2  
  135  10:18  Zergling x2  
  134  10:27  Zergling x2  
  135  10:28  Overlord  
  135  10:29  Overlord x4  
  135  10:47  Corruptor, Infestation Pit  
  135  10:48  Corruptor x4  
  144  10:50  Baneling Nest  
  137  11:13  Corruptor  
  137  11:14  Corruptor x7  
  137  11:16  Zergling x4  
  137  11:17  Zergling x2  
  145  11:20  Drone x3  
  145  11:23  Drone x3  
  145  11:25  Zerg Flyer Weapons Level 1  
  149  11:29  Drone x3  
  149  11:31  Drone x3  
  155  11:37  Drone  
  155  11:38  Spire  
  155  11:42  Drone x4  
  155  11:45  Hive  
  159  11:52  Drone  
  159  11:53  Drone x6  
  164  12:02  Overlord  
  164  12:05  Drone x3, Extractor  
  164  12:06  Drone x3, Extractor  
  168  12:09  Corruptor  
  168  12:10  Corruptor x2  
  168  12:12  Overlord  
  170  12:17  Spore Crawler x3  
  167  12:25  Spore Crawler  
  162  12:32  Corruptor x4  
  162  12:33  Corruptor  
  157  12:49  Corruptor x5  
  133  13:11  Corruptor  
  133  13:12  Corruptor x6  
  122  13:30  Drone  
  123  13:36  Zerg Flyer Armor Level 2  
  123  13:41  Corruptor  
  123  13:42  Corruptor x4  
  123  13:45  Hatchery  
  123  13:46  Zerg Flyer Weapons Level 2  
  132  13:52  Drone  
  132  13:53  Drone  
  134  13:55  Zergling x2  
  134  13:56  Zergling x8  
  134  13:58  Corruptor  
  141  14:03  Zerg Melee Weapons Level 3  
  121  14:25  Corruptor  
  121  14:26  Corruptor x5  
  121  14:31  Zergling x2  
  134  14:45  Hatchery  
  133  14:47  Zergling x2  
  134  14:53  Drone  
  134  14:54  Drone  
  134  14:55  Extractor  
  134  14:59  Viper x2  
  138  15:00  Viper  
  138  15:06  Adrenal Glands  
  144  15:07  Zergling x22  
  155  15:14  Zergling x2  
  155  15:20  Overlord x5  
  156  15:40  Zergling x8  
  156  15:41  Zergling x8  
  162  15:43  Pneumatized Carapace  
  162  15:46  Overseer x2  
  162  15:48  Corruptor  
  162  15:49  Corruptor x3  
  168  15:52  Ultralisk Cavern  
  167  16:02  Zerg Flyer Weapons Level 3, Zerg Flyer Armor Level 3  
  167  16:08  Zergling x14  
  174  16:14  Corruptor  
  174  16:15  Corruptor x2  
  179  16:23  Zergling x4  
  179  16:24  Zergling x2  
  179  16:25  Overseer x2  
  148  16:43  Corruptor x7  
  149  16:50  Corruptor x2  
  141  16:54  Zergling x2  
  141  16:59  Overseer  
  141  17:02  Ultralisk  
  147  17:12  Corruptor x5  
  151  17:19  Drone x3, Extractor  
  151  17:20  Extractor  
  151  17:21  Drone x3  
  151  17:22  Corruptor  
  155  17:27  Viper  
  160  17:31  Viper  
  160  17:35  Zergling x2  
  160  17:36  Overseer x2  
  160  17:45  Corruptor  
  160  17:46  Corruptor x2  
  164  17:55  Corruptor  
  141  18:39  Overlord x4  
  141  18:41  Hatchery  
  140  18:44  Zerg Ground Armor Level 1  
  140  18:52  Zergling x2  
  139  19:06  Zergling x2  
  139  19:07  Zergling x28  
  153  19:21  Overseer, Zergling x2  
  153  19:22  Ultralisk  
  153  19:24  Zergling x6  
  163  19:36  Drone  
  164  19:39  Zergling x2  
  164  19:40  Drone x3  
  164  19:41  Drone x3  
  165  19:54  Zergling x2  
  165  19:55  Zergling x14  
  166  20:00  Zergling x4  
  166  20:07  Zergling x10  
  155  20:10  Queen x3  
  155  20:11  Queen x2  
  155  20:12  Corruptor x3, Overlord  
  175  20:14  Chitinous Plating  
  172  20:22  Corruptor x5  
  178  20:30  Corruptor  
  178  20:33  Viper x2  
  179  20:41  Ultralisk  
  185  20:43  Zergling x2  
  185  20:44  Zergling x4  
  188  20:54  Overlord  
  188  20:55  Overlord x2  
  187  21:06  Overlord x2  
  187  21:07  Overseer x2  
  187  21:11  Overlord  
  187  21:12  Overlord  
  187  21:13  Overseer  
Tags
 
Add a new tag
Caveats
  • Supply blocks, unpowered buildings, or Contaminate may cause inaccurate times.
  • Supply counts are checked every 10 seconds.